 Dungeon Crawl Stone Soup version 0.17-a0-186-g8d083fd (webtiles) character file.

142 Tabbe the Ducker (level 5, -1/31 HPs)
             Began as a Deep Elf Fighter on Mar 27, 2015.
             Slain by Grinder (6 damage)
             ... while paralysed by Grinder
             ... on level 3 of the Dungeon.
             The game lasted 00:04:36 (2245 turns).

Tabbe the Ducker (Deep Elf Fighter)                 Turns: 2245, Time: 00:04:36

Health: -1/31      AC:  9    Str: 13    XL:     5   Next: 4%
Magic:  10/10      EV:  2    Int: 14    God:
Gold:   69         SH:  0    Dex: 14    Spells: 0 memorised, 4 levels left

rFire  . . .     SeeInvis .     a - +0 rapier
rCold  . . .     Clarity  .     u - +0 scale mail
rNeg   . . .     SustAb   .     c - +0 shield
rPois  +         Gourm    .     (no helmet)
rElec  .         Spirit   .     f - +2 cloak {rPois}
rCorr  .         Warding  .     (no gloves)
rMut   .         Stasis   .     (no boots)
MR     +....                    (no amulet)
Stlth  +.........               (no ring)
                                o - ring of protection from magic

@: paralysed, somewhat resistant to hostile enchantments, very unstealthy
A: no striking features
a: no special abilities


You were on level 3 of the Dungeon.
You were near starving.

You visited 1 branch of the dungeon, and saw 3 of its levels.

You collected 69 gold pieces.

Inventory:

Hand weapons
 a - a +0 rapier (weapon)
 b - a +0 dagger of venom
Armour
 c - a +0 shield (worn)
 f - a +2 cloak of poison resistance (worn)
 u - a +0 scale mail (worn)
Jewellery
 o - a ring of protection from magic (left hand)
Scrolls
 e - a scroll of teleportation {unknown}
 g - a scroll of identify {unknown}
 h - a scroll of fear {unknown}
 j - a scroll of enchant weapon {unknown}
 k - 3 scrolls of amnesia {unknown}
 l - a scroll of recharging {unknown}
 n - a scroll of magic mapping {unknown}
 p - a scroll of enchant armour {unknown}
 t - a scroll of random uselessness {unknown}
Potions
 r - a potion of degeneration
Comestibles
 d - 2 bread rations
 m - a slice of pizza
 v - 3 chunks of flesh


   Skills:
 - Level 2.4 Fighting
 + Level 2.9 Short Blades
 - Level 2.4 Armour
 * Level 4.3 Dodging
 * Level 2.4 Stealth
 - Level 2.4 Shields


You had 4 spell levels left.
You didn't know any spells.

Dungeon Overview and Level Annotations

Branches:
Dungeon (3/15)

Altars:

Annotations:
D:3 Grinder


Message History

It was a potion of restore abilities.
You feel your dexterity returning. Grinder hits you.
You writhe in agony.
* * * LOW HITPOINT WARNING * * *
You hit Grinder but do no damage.
Grinder is heavily wounded.
Grinder completely misses you.
You hit Grinder.
Grinder is heavily wounded.
Grinder completely misses you.
You aren't carrying any items that can be evoked.
You hit Grinder.
Grinder is heavily wounded.
Grinder hits you but does no damage.
You are near starving!
You completely miss Grinder.
Grinder is heavily wounded.
Grinder gestures at you.
You suddenly lose the ability to move!
Grinder hits you.
You die...

.. ## .## .# ..# .#
♣♣♣♣♣### (.##.#####
####♣♣♣.♣..#.##
..#.>....
...#♣..♣......##
#....#
...')♣♣♣♣P.....#
##(.#.## )..#♣♣
♣♣.#...###)(....#
####
♣♣###.5@†)##...#
#.##### ##.o#
##.##### o...
###########...#....
o?#
#.##.....<..........
.
##.##..........#####
#..............#
#####..(.......#
#..........#....


You could see Grinder.

Vanquished Creatures
  Crazy Yiuf (D:3)
  An orc priest (D:3)
  3 adders
  A gnoll (D:1)
  A worm (D:3)
  An ooze (D:2)
  3 orcs (D:3)
  A ball python (D:1)
  3 bats
  9 goblins
  5 hobgoblins
  4 jackals (D:1)
  2 kobolds
  A quokka (D:2)
  2 giant newts
  4 rats
42 creatures vanquished.

Notes
Turn   | Place    | Note
--------------------------------------------------------------
     0 | D:1      | Tabbe, the Deep Elf Fighter, began the quest for the Orb.
     0 | D:1      | Reached XP level 1. HP: 13/13 MP: 2/2
    93 | D:1      | Reached skill level 1 in Stealth
   262 | D:1      | Reached skill level 1 in Dodging
   300 | D:1      | Reached XP level 2. HP: 15/18 MP: 4/4
   693 | D:1      | Reached XP level 3. HP: 4/22 MP: 6/6
  1671 | D:2      | Reached skill level 3 in Dodging
  2088 | D:3      | Noticed Crazy Yiuf
  2109 | D:3      | Killed Crazy Yiuf
  2109 | D:3      | Reached XP level 4. HP: 12/27 MP: 1/8
  2175 | D:3      | Noticed Grinder
  2181 | D:3      | Paralysed by Grinder for 3 turns
  2186 | D:3      | Reached skill level 4 in Dodging
  2216 | D:3      | Reached XP level 5. HP: 24/31 MP: 10/10
  2244 | D:3      | Paralysed by Grinder for 4 turns
  2245 | D:3      | Slain by Grinder

Action                   |  1- 3 |  4- 6 || total
-------------------------+-------+-------++-------
Melee: Rapier            |   146 |    38 ||   184
       Dagger            |    10 |    18 ||    28
  Use: Potion            |     4 |     4 ||     8
  Eat: Chunk             |     2 |     1 ||     3
